Map: Daybreak LE (Void)

Players

Amix - Winner!

  • Race: Zerg Zerg
  • League: Gold
  • Spawn Location: 1:00

Tetraspan

  • Race: Terran Terran
  • League: Platinum
  • Spawn Location: 7:00

VOD

Have the link to the VOD?

Description

Time

  • Played on: Nov. 28, 2016, 11:23 a.m.
  • Length: 7:55
Show
View Real Time Build Order
Export as new Build Order

Amix Zerg - Winner!

Build Orders: Hatch First 

Get SALT Encoding   

  12  0:01  Drone  
  13  0:10  Drone  
  14  0:21  Overlord  
  14  0:27  Drone, Extractor  
  15  0:39  Drone x2  
  17  0:56  Hatchery  
  16  1:04  Drone, Extractor  
  16  1:15  Spawning Pool  
  16  1:16  Drone  
  16  1:20  Drone  
  17  1:26  Drone  
  17  1:28  Drone  
  19  1:38  Drone  
  20  1:49  Drone  
  21  1:59  Drone  
  22  2:07  Metabolic Boost, Queen  
  24  2:15  Queen  
  26  2:20  Zergling x2  
  26  2:22  Zergling x2  
  28  2:29  Overlord  
  28  2:37  Drone, Extractor x2  
  27  2:38  Drone  
  30  2:47  Queen  
  30  2:51  Pneumatized Carapace  
  32  2:53  Drone  
  32  2:55  Drone  
  34  3:01  Overlord  
  34  3:06  Zergling x4  
  34  3:12  Evolution Chamber  
  35  3:14  Zergling x2  
  35  3:17  Overlord  
  36  3:21  Overlord  
  36  3:24  Zergling x2  
  37  3:30  Zergling x4  
  37  3:31  Zergling x2  
  37  3:33  Zergling x2  
  41  3:35  Zergling x2  
  41  3:40  Zergling x4  
  44  3:47  Zergling x2  
Show
View Real Time Build Order
Export as new Build Order

Tetraspan Terran 

Build Orders:  

Get SALT Encoding   

  12  0:01  SCV  
  13  0:13  SCV  
  14  0:18  Supply Depot  
  14  0:25  SCV  
  15  0:39  SCV  
  16  0:43  Barracks  
  16  0:50  Refinery  
  16  0:51  SCV  
  17  1:05  SCV  
  18  1:17  SCV  
  19  1:31  Orbital Command  
  19  1:33  Barracks Reactor  
  19  1:45  Command Center  
  19  1:58  Barracks  
  19  1:59  SCV  
  20  2:07  Supply Depot  
  20  2:11  Marine  
  21  2:22  SCV, Factory  
  22  2:29  Refinery  
  22  2:31  Marine  
  22  2:36  SCV  
  24  2:46  Barracks Tech Lab  
  24  2:48  Marine, SCV  
  26  2:57  Orbital Command  
  26  3:05  Stimpack  
  26  3:14  Starport  
  26  3:18  Marine x2  
  29  3:20  SCV  
  29  3:22  Factory Reactor  
  29  3:26  SCV  
  30  3:31  Marine  
  31  3:36  Marine, SCV  
  31  3:37  Marine  
  34  3:43  Supply Depot  
  34  3:44  SCV  
  35  3:49  Marine  
  35  3:50  SCV  
  35  3:54  Marine  
  38  4:02  Marine  
  39  4:03  SCV  
  39  4:09  Factory Tech Lab  
  40  4:10  Medivac x2  
  40  4:11  Marine  
  40  4:12  Marine  
  40  4:13  SCV  
Tags
 
Add a new tag
Caveats
  • Supply blocks, unpowered buildings, or Contaminate may cause inaccurate times.
  • Supply counts are checked every 10 seconds.